 Dungeon Crawl Stone Soup version 0.17-a0-1123-g6d3914c (console) character file.

140 Monkaria the Skirmisher (level 5, -2/42 HPs)
             Began as a Demonspawn Chaos Knight on May 24, 2015.
             Slain by Grinder (3 damage)
             ... on level 3 of the Dungeon.
             The game lasted 00:03:23 (2320 turns).

Monkaria the Skirmisher (Demonspawn Chaos Knight)   Turns: 2320, Time: 00:03:24

Health: -2/42      AC:  5    Str: 13      XL:     5   Next: 2%
Magic:  4/4        EV: 11    Int: 14      God:    Xom [..*...]
Gold:   136        SH:  0    Dex: 10 (12) Spells: 0 memorised, 4 levels left

rFire  . . .     SeeInvis .     a - +0 falchion (chaos)
rCold  . . .     Clarity  +     b - +2 leather armour
rNeg   . . .     SustAt   .     (no shield)
rPois  .         Gourm    .     (no helmet)
rElec  .         Spirit   .     (no cloak)
rCorr  .         Warding  .     (no gloves)
rMut   .         Stasis   .     (no boots)
MR     .....                    (no amulet)
Stlth  +.........               (no ring)
                                m - ring of teleport control

@: not resistant to hostile enchantments, very unstealthy
A: talons 1, clarity, low mp 1, powered by death 1
a: Renounce Religion, Evoke Teleport Control


You were on level 3 of the Dungeon.
You worshipped Xom.
You were a toy of Xom.
You were hungry.

You visited 1 branch of the dungeon, and saw 3 of its levels.

You collected 136 gold pieces.

Inventory:

Hand weapons
 a - a +0 falchion of chaos (weapon)
Missiles
 y - 19 poisoned needles
Armour
 b - a +2 leather armour (worn)
Jewellery
 m - a ring of teleport control (left hand)
 q - an uncursed amulet of stasis
 x - an uncursed ring of ice
Magical devices
 r - a wand of random effects (28)
Scrolls
 d - 3 scrolls of remove curse
 e - a scroll of identify
 g - 2 scrolls of teleportation {unknown}
 i - 2 scrolls of fog {unknown}
 j - 3 scrolls of enchant weapon {unknown}
 l - a scroll of enchant armour {unknown}
 p - a scroll of immolation {unknown}
 s - a scroll of fear {unknown}
 v - a scroll of blinking {unknown}
 w - a scroll of amnesia {unknown}
Potions
 f - a potion of magic
 h - a potion of cancellation
 u - a potion of brilliance {unknown}
Comestibles
 c - 2 bread rations
 k - 2 slices of pizza


   Skills:
 - Level 4.0 Fighting
 + Level 3.8 Long Blades
 - Level 3.1 Armour
 - Level 0.8 Dodging


You had 4 spell levels left.
You didn't know any spells.

Dungeon Overview and Level Annotations

Branches:
Dungeon (3/15)

Altars:

Annotations:
D:3 Grinder


Innate Abilities, Weirdness & Mutations

You can steal the life force of nearby defeated enemies.
You have sharp toenails.
You possess an exceptional clarity of mind.
Your magical capacity is low (-10% MP).


Message History

Grinder closely misses you.
You completely miss Grinder. Grinder hits you.
You writhe in agony.
You hit Grinder. You burn Grinder. You claw Grinder.
Grinder is lightly wounded.
Grinder hits you.
You writhe in agony.
You barely miss Grinder.
Grinder is lightly wounded.
Grinder hits you.
You writhe in agony.
* * * LOW HITPOINT WARNING * * *
You closely miss Grinder.
Grinder is lightly wounded.
Grinder hits you.
* * * LOW HITPOINT WARNING * * *
You hit Grinder. You burn Grinder. You claw Grinder, but do no damage.
Grinder is lightly wounded.
Grinder hits you.
* * * LOW HITPOINT WARNING * * *
You writhe in agony.
You die...
Xom cackles wildly!

........#. #. .......'
#######. #.....# #
#....##.
#.....#+####.###.##.##'
#............#...##....
#.........####.####....
###.......)......##....
#.......##.....##....
#...@5..##.....##....
#################....
#.... #####


You could see Grinder.

Vanquished Creatures
  A giant frog skeleton (D:3)
  5 adders
  A gnoll (D:1)
  2 worms (D:2)
  An orc (D:3)
  A giant cockroach (D:3)
  5 hobgoblins
  8 jackals
  10 kobolds
  A ball python (D:1)
  6 bats
  A giant newt (D:1)
  5 goblins
  A quokka (D:3)
  4 rats
52 creatures vanquished.

Notes
Turn   | Place    | Note
--------------------------------------------------------------
     0 | D:1      | Monkaria the Demonspawn Chaos Knight began the quest for the Orb.
     0 | D:1      | Reached XP level 1. HP: 18/18 MP: 1/1
   133 | D:1      | Gained mutation: You can steal the life force of nearby defeated enemies. [demonic ancestry]
   133 | D:1      | Reached XP level 2. HP: 14/25 MP: 2/2
   375 | D:1      | XOM: harmless Erth miscast
   480 | D:1      | XOM: divination: magic mapping
   493 | D:1      | Reached skill level 4 in Fighting
   610 | D:1      | Reached XP level 3. HP: 30/30 MP: 3/3
  1428 | D:2      | Reached XP level 4. HP: 37/37 MP: 4/4
  1702 | D:2      | XOM: colour smoke trail
  1875 | D:3      | XOM: divination: magic mapping
  2093 | D:3      | XOM: silly message
  2263 | D:3      | Noticed Grinder
  2265 | D:3      | XOM: silly message
  2280 | D:3      | XOM: potion effect (heal wounds)
  2282 | D:3      | Reached XP level 5. HP: 40/42 MP: 5/5
  2290 | D:3      | Paralysed by Grinder for 7 turns
  2297 | D:3      | HP: 2/42 [Grinder (6)]
  2313 | D:3      | Gained mutation: You possess an exceptional clarity of mind. [potion of mutation]
  2313 | D:3      | Gained mutation: You have sharp toenails. [potion of mutation]
  2313 | D:3      | Gained mutation: Your magical capacity is low (-10% MP). [potion of mutation]
  2314 | D:3      | Xom revived you
  2320 | D:3      | HP: 1/42 [Grinder (5)]
  2320 | D:3      | Slain by Grinder

Vault maps used:
D:1:      evilmike_arrival_home_sweet_home, grunt_decor_arrowhead
D:3:      uniq_robin, uniq_grinder

Action                   |  1- 3 |  4- 6 || total
-------------------------+-------+-------++-------
Melee: Falchion          |    91 |    79 ||   170
  Use: Scroll            |       |     3 ||     3
       Potion            |       |     3 ||     3
 Stab: Paralysed         |       |     2 ||     2
  Eat: Chunk             |     1 |     3 ||     4
